 Dungeon Crawl Stone Soup version 0.31-a0-986-g5e6e4ef867 (webtiles) character file.

Game seed: 14192359047088632420

5506 javelincjr the Mimic (level 10, 0/90 (98) HPs)
             Began as a Troll Shapeshifter on Nov 16, 2023.
             Was a Believer of Trog.
             Slain by a wight
             ... wielding a +5 battleaxe
              (9 damage)
             ... on level 9 of the Dungeon.
             The game lasted 00:22:31 (5677 turns).

javelincjr the Mimic (Troll Shapeshifter)           Turns: 5677, Time: 00:22:32

HP:   0/90 (98)     AC:  7    Str: 28    XL:     10   Next: 42%
MP:   0/9           EV: 11    Int:  6    God:    Trog [**....]
Gold: 384           SH:  0    Dex:  9    Spells: 9/9 levels left

rFire   . .          .
                       - Unarmed
rCold   . . .        (shield currently unavailable)
rNeg    . . .        M - +0 steam dragon scales
rPois   .            (helmet restricted)
rElec   .            (no cloak)
rCorr   .            (gloves unavailable)
SInv    .            (boots unavailable)
Will    ++...        F - amulet of guardian spirit
Stlth   +            p - +4 ring of slaying
HPRegen 2.15/turn    r - +4 ring of slaying
MPRegen 0.11/turn

%: guardian spirit
@: flux-form, strong-willed (expiring), on berserk cooldown, regenerating
(expiring), slowed, glowing, drained, very slow
A: glow, contaminating, large, unfitting armour, claws 3, regeneration 1, shaggy
fur 1, tough skin 1
a: Begin Untransformation, Renounce Religion, Berserk, Trog's Hand


You were on level 9 of the Dungeon.
You worshipped Trog.
Trog was pleased with you.
You were something dangerously unstable.
You visited 1 branch of the dungeon, and saw 9 of its levels.

You collected 477 gold pieces.
You spent 93 gold pieces at shops.

Inventory:

Hand Weapons
 n - a +2 vampiric short sword
 q - a +3 antimagic whip
 C - a +4 trident of draining
 H - a +2 heavy war axe
Missiles
 e - 83 stones (quivered)
 m - 3 boomerangs
 v - 11 poisoned darts
Armour
 M - +0 steam dragon scales (worn)
Jewellery
 p - a +4 ring of slaying (left claw)
 r - a +4 ring of slaying (right claw)
 F - an amulet of guardian spirit (around neck)
Talismans
 c - a beast talisman
 d - a flux talisman (active)
Wands
 a - a wand of quicksilver (11)
 u - a wand of roots (18)
 I - a wand of charming (7)
Scrolls
 f - 6 scrolls of teleportation
 h - a scroll of immolation {unknown}
 i - 5 scrolls of amnesia
 j - 2 scrolls of revelation
 k - 2 scrolls of fear {unknown}
 l - a scroll of vulnerability {unknown}
 o - 2 scrolls of poison {unknown}
 t - a scroll of blinking {unknown}
 w - a scroll of silence {unknown}
 x - a scroll of enchant armour {unknown}
 y - a scroll of brand weapon {unknown}
 B - a scroll of noise {unknown}
 J - a scroll of summoning {unknown}
 L - a scroll of fog
Potions
 b - 4 potions of lignification
 g - a potion of cancellation
 s - 2 potions of berserk rage
 A - 3 potions of haste
 D - a potion of might
 K - 2 potions of curing


   Skills:
 + Level 5.9 Fighting
 + Level 6.1 Dodging
 + Level 7.7 Unarmed Combat
 * Level 9.4 Shapeshifting


You had 9 spell levels left.
You didn't know any spells.
Your spell library contained the following spells:

 Spells                   Type           Power      Damage    Failure   Level
 Necrotise                Necr           0%         1d4       45%         1
 Vampiric Draining        Necr           0%         2d6       83%         3
 Agony                    Necr           0%         N/A       100%        5


Dungeon Overview and Level Annotations

Branches:
Dungeon (9/15)             Temple (0/1) D:4
   Lair: D:8-11         Orc: D:9-12

Altars:
Gozag
Makhleb
Trog
Uskayaw

Shops:
D:1 [   D:5 *   D:9 [

Annotations:
D:6 Rem's ghost, novice OpCj


Innate Abilities, Weirdness & Mutations

You are something dangerously unstable.
You glow with magical radiation, making you easy to see and hit.
Foes you strike become dangerously contaminated with magical radiation.
You are incapable of wielding weapons or throwing items.
You are too large for most types of armour.
You have claws for hands.
Your natural rate of healing is unusually fast.
You are covered in fur. (AC +1)
You have tough skin. (AC +1)


Message History

You destroy the wight!
Trog accepts your kill.
You are no longer berserk.
You are exhausted.
You feel yourself slow down. The wight hits you with a +5 battleaxe!
You feel drained.
You barely miss the wight. The wight completely misses you.
The orc warrior closely misses you.
An orc priest comes into view. It is wielding a +0 club.
You scratch the wight.
The wight begins to glow.
The wight is moderately damaged.
You feel the effects of Trog's Hand fading.
The orc warrior hits you from afar with a +0 glaive!
The wight hits you with a +5 battleaxe.
You feel drained.
The orc priest looks encouraged for a moment.
You claw the wight!
The wight glows dangerously bright.
The wight is almost destroyed.
The orc warrior barely misses you.
The wight hits you with a +5 battleaxe!!
* * * LOW HITPOINT WARNING * * *
You feel drained.
* * * LOW HITPOINT WARNING * * *
The orc warrior hits you from afar with a +0 glaive.
* * * LOW HITPOINT WARNING * * *
The wight hits you with a +5 battleaxe!
* * * LOW HITPOINT WARNING * * *
You feel much better.
The orc warrior hits you from afar with a +0 glaive!
* * * LOW HITPOINT WARNING * * *
An orc comes into view. It is wielding a +0 vampiric whip.
The wight completely misses you.
You barely miss the wight.
The wight is almost destroyed.
The orc warrior hits you from afar with a +0 glaive!
* * * LOW HITPOINT WARNING * * *
The wight closely misses you.
The orc warrior hits you from afar with a +0 glaive!
* * * LOW HITPOINT WARNING * * *
The wight hits you with a +5 battleaxe!
You die...

..... #####...
......## ......#
#....###.#
#........ # #....#
#.###o#)...#
#.....ooozp...#
#.####.#####..#
#.# #.#......#
##.####.######.#
#....##.# #.#
#.......# #.#
###.......######.#
#................#
###..#############


You could see an orc warrior, a wight (heavy contam), an orc priest and 2 orcs.

Vanquished Creatures
  Joseph (D:7)
  Jeremiah (D:7)
  Grinder (D:5)
  A troll (D:9)
  A hornet (D:7)
  Prince Ribbit (D:6)
  A vampire (D:9)
  Eustachio (D:4)
  6 yaks (D:8)
  A steam dragon (D:8)
  Duvessa (D:7)
  2 water moccasins
  2 ice beasts
  2 black bears
  An orc warrior (D:8)
  A sky beast (D:7)
  3 ogres
  2 centaurs
  A kobold brigand (D:9)
  5 bullfrogs
  5 scorpions
  3 wights (D:9)
  Dowan (D:7)
  2 killer bees (D:6)
  A howler monkey (D:7)
  4 hounds
  3 orc priests
  2 sleepcaps
  Terence (D:3)
  An iguana (D:6)
  4 orc wizards (D:8)
  4 gnolls (D:2)
  7 adders
  2 white imps
  2 worms (D:3)
  2 dart slugs
  15 orcs
  4 endoplasms
  3 giant cockroaches (D:1)
  6 goblins
  10 hobgoblins
  4 jackals (D:1)
  3 quokkas
  8 ball pythons
  6 bats
  3 frilled lizards
  9 kobolds
  11 rats
161 creatures vanquished.

Notes
Turn   | Place    | Note
-------+----------+-------------------------------------------
     0 | D:1      | javelincjr the Troll Shapeshifter began the quest for the
                  | Orb.
     0 | D:1      | Reached XP level 1. HP: 18/18 MP: 0/0
    87 | D:1      | Reached skill level 1 in Fighting
   109 | D:1      | Reached XP level 2. HP: 27/27 MP: 1/1
   256 | D:1      | Found Saungess's Antique Armour Shop.
   297 | D:1      | Reached XP level 3. HP: 33/33 MP: 2/2
   454 | D:1      | You fall into a shaft and drop 1 floor!
   883 | D:2      | Reached XP level 4. HP: 15/41 MP: 3/3
  1415 | D:3      | Noticed Terence
  1418 | D:3      | Reached XP level 5. HP: 49/49 MP: 4/4
  1433 | D:3      | Killed Terence
  1688 | D:3      | Found a burning altar of Makhleb.
  1775 | D:3      | Reached skill level 4 in Shapeshifting
  1822 | D:3      | Noticed a moth of wrath
  1824 | D:3      | Found a bloodstained altar of Trog.
  1851 | D:3      | Became a worshipper of Trog the Wrathful
  1942 | D:4      | Noticed Eustachio
  1948 | D:4      | Killed Eustachio
  1949 | D:4      | Reached XP level 6. HP: 54/59 MP: 5/5
  2045 | D:4      | Found a staircase to the Ecumenical Temple.
  2508 | D:5      | Entered Level 5 of the Dungeon
  2683 | D:5      | Noticed an ice beast
  2695 | D:5      | Killed an ice beast
  2708 | D:5      | Reached XP level 7. HP: 58/66 MP: 6/6
  2765 | D:5      | Noticed Grinder
  2771 | D:5      | Killed Grinder
  2772 | D:5      | Reached skill level 5 in Shapeshifting
  2842 | D:5      | Found Qocuk's Assorted Antiques.
  3143 | D:5      | Reached skill level 5 in Unarmed Combat
  3149 | D:5      | Bought a scroll labelled GYADEO WE ZOCH for 31 gold pieces
  3149 | D:5      | Bought a scroll labelled WEECON RICUCH for 31 gold pieces
  3149 | D:5      | Bought a scroll labelled TYSAPI QETENE for 31 gold pieces
  3193 | D:6      | Noticed Prince Ribbit
  3199 | D:6      | Killed Prince Ribbit
  3200 | D:6      | Reached skill level 6 in Shapeshifting
  3200 | D:6      | Reached XP level 8. HP: 72/75 MP: 7/7
  3561 | D:6      | Noticed Rem's ghost (novice OpCj)
  3580 | D:6      | Found a transporter.
  3585 | D:6      | Found a transporter.
  3875 | D:6      | Reached skill level 7 in Shapeshifting
  4036 | D:7      | Found a hide-covered altar of Uskayaw.
  4037 | D:7      | Noticed Jeremiah
  4044 | D:7      | Reached * piety under Trog
  4139 | D:7      | Reached XP level 9. HP: 85/85 MP: 8/8
  4145 | D:7      | Noticed Duvessa
  4145 | D:7      | Noticed Dowan
  4153 | D:7      | Killed Duvessa
  4175 | D:7      | Killed Dowan
  4213 | D:7      | Reached skill level 5 in Dodging
  4281 | D:7      | Noticed Joseph
  4493 | D:7      | Killed Jeremiah
  4494 | D:7      | Reached skill level 5 in Fighting
  4494 | D:7      | Reached skill level 8 in Shapeshifting
  4699 | D:7      | Killed Joseph
  4987 | D:8      | Found an opulent altar of Gozag.
  5220 | D:8      | Reached ** piety under Trog
  5226 | D:8      | Reached XP level 10. HP: 53/96 MP: 4/9
  5251 | D:8      | Reached skill level 9 in Shapeshifting
  5568 | D:9      | Found Gioqean's Armour Boutique.
  5675 | D:9      | HP: 1/90 [wight/+5 battleaxe (13)]
  5677 | D:9      | Slain by a wight

Illustrated notes

Levels and vault maps discovered:
D:1:      dpeg_arrival_stone_temple_mockup, layout_basic, serial_shops,
          nicolae_shop_window_shopping, chequers_garden
D:2:      layout_rooms, serial_bayou, serial_bayou_ford_a, serial_bayou_pond_e,
          serial_bayou_shore_a, serial_bayou_lagoon_b
D:3:      layout_rooms, tgw_trog, general_overflow_altar, uniq_terence
D:4:      layout_loops_ring, minmay_temple_entry_antechambers, uniq_eustachio
D:5:      layout_rooms, nicolae_inconvenience_store, dk_vineyard_3, uniq_grinder
D:6:      layout_cave_pools, gammafunk_ghost_hive, uniq_prince_ribbit1
D:7:      layout_gridville, eat_drink_and_be_merry_uskayaw, moated_statue,
          uniq_jeremiah, uniq_duvessa, uniq_joseph
D:8:      layout_loops_cross, grunt_gozag_statues, abandoned_shop,
          eino_small_chamber_without_monster
D:9:      layout_basic, slow_altar_2, erik_lair_orcish_takeover, serial_shops,
          nicolae_take_the_stairs

Skill      XL: |  1  2  3  4  5  6  7  8  9 10 |
---------------+-------------------------------+-----
Fighting       | 1 2 3 4 5 |  5.9
Dodging        | 2 3 4 5 6 |  6.1
Unarmed Combat | 4 5 6 7 |  7.7
Shapeshifting  | 4 6 7 8 9 |  9.4

Action                     |  1- 3 |  4- 6 |  7- 9 | 10-12 || total
---------------------------+-------+-------+-------+-------++-------
  Melee: Unarmed           |    88 |   100 |   168 |    75 ||   431
         Punch             |     1 |     3 |     2 |       ||     6
 Invoke: Berserk           |       |       |       |     3 ||     3
         Trog's Hand       |       |       |       |     1 ||     1
    Use: Scroll            |       |       |     7 |     2 ||     9
         Potion            |       |       |     7 |     1 ||     8
 Armour: Animal skin       |    52 |    51 |   135 |    16 ||   254
         Steam dragon scal |       |       |       |    44 ||    44
  Dodge: Dodged            |    62 |    28 |    85 |    30 ||   205
   Form: Flux              |       |       |     1 |       ||     1

Table legend: (Time is in decaauts)
 A = Elapsed time spent in this place.
 B = Non-inter-level travel time spent in this place.
 C = Inter-level travel time spent in this place.
 D = Time resting spent in this place.
 E = Time spent auto-exploring this place.
 F = Levels seen in this place.
 G = Mean time per level.
                   A        B        C        D        E       F      G
               +--------+--------+--------+--------+--------+-----+--------+
         Total |   5637 |   5425 |    212 |     54 |   3950 |   9 |  626.3 |
       Dungeon |   5637 |   5425 |    212 |     54 |   3950 |   9 |  626.3 |
               +--------+--------+--------+--------+--------+-----+--------+

Top non-repeatable levels by time:
     D:6: 837 daAuts
     D:8: 791 daAuts
     D:1: 778 daAuts
     D:7: 716 daAuts
     D:5: 678 daAuts
     D:2: 622 daAuts
     D:4: 611 daAuts
     D:3: 481 daAuts
     D:9: 119 daAuts
